 Dungeon Crawl Stone Soup version 0.30.1-11-g7821555f0a (webtiles) character file.

Game seed: 4401343814289162948

116 jfcaron the Chopper (level 5, 0/47 HPs)
             Began as a Gnoll Berserker on Nov 11, 2023.
             Was a Believer of Trog.
             Slain by a kobold
             ... wielding a +1 whip of electrocution
              (11 damage)
             ... in a sewer.
             The game lasted 00:03:41 (1479 turns).

jfcaron the Chopper (Gnoll Berserker)               Turns: 1479, Time: 00:03:42

Health: 0/47       AC: 12    Str: 21    XL:     5   Next: 1%
Magic:  5/7        EV: 12    Int:  6    God:    Trog [**....]
Gold:   97         SH:  4    Dex: 12    Spells: 6/6 levels left

rFire   . . .        l - +6 mace of the Open Hand {holy, Str+3}
rCold   . . .        m - +0 buckler
rNeg    . . .        o - +0 ring mail
rPois   .            p - +2 hat
rElec   .            (no cloak)
rCorr   +            (no gloves)
SInv    .            (no boots)
Will    .....        e - amulet of faith
Stlth   +            c - ring of resist corrosion
HPRegen 0.27/turn    g - +4 ring of protection
MPRegen 0.10/turn

%: faith
@: brilliant, on berserk cooldown, slowed, very slow
A: fangs 1, strong nose, distributed training
a: Renounce Religion, Berserk, Trog's Hand


You were in a sewer.
You worshipped Trog.
Trog was pleased with you.
You visited 1 branch of the dungeon, and saw 3 of its levels.
You also visited: Sewer.

You collected 97 gold pieces.

Inventory:

Hand Weapons
 l - the +6 mace of the Open Hand (weapon) {holy, Str+3}
   (You found it on level 2 of the Dungeon)

   Str:       It affects your strength (+3).
Missiles
 k - a stone (quivered)
Armour
 m - a +0 buckler (worn)
 o - a +0 ring mail (worn)
 p - a +2 hat (worn)
Jewellery
 c - a ring of resist corrosion (left hand)
 e - an amulet of faith (around neck)
   (You found it on level 1 of the Dungeon)
 g - a +4 ring of protection (right hand)
   (You found it on level 1 of the Dungeon)
Potions
 f - a potion of invisibility
 j - a potion of cancellation
 n - a potion of might


   Skills:
 + Level 6.6 Fighting
 + Level 1.3 Short Blades
 + Level 1.3 Long Blades
 + Level 6.6 Axes
 + Level 1.3 Maces & Flails
 + Level 1.3 Polearms
 + Level 1.3 Staves
 + Level 1.3 Ranged Weapons
 + Level 1.3 Throwing
 + Level 4.7 Armour
 + Level 4.7 Dodging
 + Level 1.3 Stealth
 + Level 1.3 Shields
 + Level 1.3 Unarmed Combat
 + Level 1.3 Spellcasting
 + Level 1.1 Conjurations
 + Level 1.1 Hexes
 + Level 1.1 Summonings
 + Level 1.1 Necromancy
 + Level 1.1 Translocations
 + Level 1.1 Transmutations
 + Level 1.1 Fire Magic
 + Level 1.1 Ice Magic
 + Level 1.1 Air Magic
 + Level 1.1 Earth Magic
 + Level 1.1 Poison Magic
 + Level 1.5 Invocations
 + Level 1.3 Evocations


You had 6 spell levels left.
You didn't know any spells.
Your spell library was empty.

Dungeon Overview and Level Annotations

Branches:
Dungeon (3/15)              Sewer (1/1)

Altars:
Gozag
Zin
The Shining One


Innate Abilities, Weirdness & Mutations

You have very sharp teeth.
Your uncanny sense of smell can sniff out nearby items.
Your experience applies equally to all skills.


Message History

The kobold brigand is lightly wounded.
The kobold misses you. You block the kobold brigand's attack.
The kobold hits you but does no damage. The kobold barely misses you.
The kobold hits you but does no damage.
The kobold brigand hits you with a +0 club.
You sock the kobold brigand!
The kobold brigand is moderately wounded.
The kobold closely misses you.
The kobold brigand hits you with a +0 club.
The kobold misses you. The kobold barely misses you.
The kobold hits you but does no damage. You block the kobold brigand's attack.
You miss the kobold brigand.
You bite the kobold brigand, but do no damage.
The kobold brigand is moderately wounded.
The kobold hits you with a +1 whip of electrocution.
You block the kobold brigand's attack.
The kobold hits you but does no damage. x2
You block the kobold's attack. The kobold brigand misses you.
You closely miss the kobold brigand.
The kobold brigand is moderately wounded.
The kobold hits you but does no damage. The kobold brigand misses you.
The kobold misses you.
The kobold hits you but does no damage. x2
You are electrocuted!
The kobold brigand hits you but does no damage.
You closely miss the kobold brigand.
The kobold brigand is moderately wounded.
The kobold hits you but does no damage.
The kobold brigand hits you but does no damage.
The kobold closely misses you. The kobold barely misses you.
The kobold hits you but does no damage. The kobold brigand barely misses you.
You feel better.
The kobold hits you with a +1 whip of electrocution.
You are electrocuted!
* * * LOW HITPOINT WARNING * * *
The kobold hits you with a +0 club.
* * * LOW HITPOINT WARNING * * *
The kobold brigand hits you but does no damage.
It was a potion of brilliance.
You feel clever all of a sudden. The kobold hits you but does no damage.
You are electrocuted!
You die...

#∩∩.#~≈~#
#...'~~~#
######~≈~#
#.?.!#~≈~#∆ ∆∆
#..∩.#~≈~#
#...!#~≈~# ∆
#..K.#~≈~#
##'K##~~~#
#.KK@#~≈~#
###..KP#~≈~#
#.P..~~~~≈~#
##...P~~~≈~#
#P..~P#~≈~#
#....~~#~~~#
#......#~≈~#
#......#~≈~~~
#......#~≈~~~~


You could see a kobold brigand and 4 kobolds.

Vanquished Creatures
  A kobold brigand (Sewer)
  A worm (D:3)
  2 dart slugs (D:1)
  3 orcs (D:3)
  4 bats
  An endoplasm (D:1)
  A giant cockroach (D:1)
  2 hobgoblins
  5 quokkas (D:1)
  5 ball pythons
  7 kobolds
  2 rats
34 creatures vanquished.

Notes
Turn   | Place    | Note
-------+----------+-------------------------------------------
     0 | D:1      | jfcaron the Gnoll Berserker began the quest for the Orb.
     0 | D:1      | Reached XP level 1. HP: 23/23 MP: 1/1
     0 | D:1      | beem: Unwon demonspawns for jfcaron: DsAE, DsAr, DsBr,
                  | DsCA, DsCj, DsCK, DsDe, DsEE, DsEn, DsFE, DsHs, DsHu, DsHW,
                  | DsIE, DsMo, DsNe, DsRe, DsSu, DsTm, DsVM, DsWn, DsWr
   123 | D:1      | Reached XP level 2. HP: 27/29 MP: 2/2
   648 | D:1      | Reached XP level 3. HP: 35/35 MP: 3/3
   695 | D:2      | Identified the +6 mace of the Open Hand {holy, Str+3}
  1309 | D:3      | Found a glowing golden altar of the Shining One.
  1343 | D:3      | Found an opulent altar of Gozag.
  1343 | D:3      | Found a glowing silver altar of Zin.
  1350 | D:3      | Reached ** piety under Trog
  1356 | D:3      | Reached skill level 1 in Invocations
  1403 | D:3      | Found a glowing drain.
  1438 | Sewer    | Entered a sewer
  1456 | Sewer    | Noticed a kobold brigand
  1456 | Sewer    | Noticed a kobold brigand
  1470 | Sewer    | Killed a kobold brigand
  1471 | Sewer    | Reached skill level 1 in Short Blades
  1471 | Sewer    | Reached skill level 1 in Long Blades
  1471 | Sewer    | Reached skill level 1 in Maces & Flails
  1471 | Sewer    | Reached skill level 1 in Polearms
  1471 | Sewer    | Reached skill level 1 in Staves
  1471 | Sewer    | Reached skill level 1 in Ranged Weapons
  1471 | Sewer    | Reached skill level 1 in Throwing
  1471 | Sewer    | Reached skill level 1 in Stealth
  1471 | Sewer    | Reached skill level 1 in Shields
  1471 | Sewer    | Reached skill level 1 in Unarmed Combat
  1471 | Sewer    | Reached skill level 1 in Spellcasting
  1471 | Sewer    | Reached skill level 1 in Conjurations
  1471 | Sewer    | Reached skill level 1 in Hexes
  1471 | Sewer    | Reached skill level 1 in Summonings
  1471 | Sewer    | Reached skill level 1 in Necromancy
  1471 | Sewer    | Reached skill level 1 in Translocations
  1471 | Sewer    | Reached skill level 1 in Transmutations
  1471 | Sewer    | Reached skill level 1 in Fire Magic
  1471 | Sewer    | Reached skill level 1 in Ice Magic
  1471 | Sewer    | Reached skill level 1 in Air Magic
  1471 | Sewer    | Reached skill level 1 in Earth Magic
  1471 | Sewer    | Reached skill level 1 in Poison Magic
  1471 | Sewer    | Reached skill level 1 in Evocations
  1471 | Sewer    | Reached XP level 4. HP: 41/41 MP: 4/6
  1471 | Sewer    | Reached XP level 5. HP: 47/47 MP: 4/7
  1479 | Sewer    | Slain by a kobold

Illustrated notes

Levels and vault maps discovered:
D:1:      lightli_arrival_windingriver, layout_basic
D:2:      layout_loops_cross
D:3:      layout_rooms, grunt_temple_overflow_gold_and_silver,
          amcnicky_altar_gilded, tso_metal_star, cheibrodos_sewer_entry_sluice,
          dreamdust_mushroom_princess, hangedman_decor_riveting, uniq_grinder
Sewer:    kennysheep_pipe_town

Skill      XL: |  1  2  3 |
---------------+----------+-----
Invocations    | 1 |  1.5
Short Blades   | 1 |  1.3
Long Blades    | 1 |  1.3
Maces & Flails | 1 |  1.3
Polearms       | 1 |  1.3
Staves         | 1 |  1.3
Ranged Weapons | 1 |  1.3
Throwing       | 1 |  1.3
Stealth        | 1 |  1.3
Shields        | 1 |  1.3
Unarmed Combat | 1 |  1.3
Spellcasting   | 1 |  1.3
Conjurations   | 1 |  1.1
Hexes          | 1 |  1.1
Summonings     | 1 |  1.1
Necromancy     | 1 |  1.1
Translocations | 1 |  1.1
Transmutations | 1 |  1.1
Fire Magic     | 1 |  1.1
Ice Magic      | 1 |  1.1
Air Magic      | 1 |  1.1
Earth Magic    | 1 |  1.1
Poison Magic   | 1 |  1.1
Evocations     | 1 |  1.3
Fighting       | |  6.6
Axes           | |  6.6
Armour         | |  4.7
Dodging        | |  4.7

Action                     |  1- 3 |  4- 6 || total
---------------------------+-------+-------++-------
  Melee: Hand axe          |    52 |       ||    52
         Bite              |     6 |     2 ||     8
         Mace              |    39 |     7 ||    46
  Throw: Stone             |    29 |       ||    29
 Invoke: Berserk           |     1 |       ||     1
         Trog's Hand       |     1 |       ||     1
    Use: Scroll            |     7 |       ||     7
         Potion            |       |     2 ||     2
   Stab: Sleeping          |     1 |       ||     1
 Armour: Animal skin       |     2 |       ||     2
         Leather armour    |     9 |       ||     9
         Ring mail         |    20 |    17 ||    37
  Dodge: Dodged            |    59 |    15 ||    74
  Block: Buckler           |     5 |     5 ||    10

Table legend: (Time is in decaauts)
 A = Elapsed time spent in this place.
 B = Non-inter-level travel time spent in this place.
 C = Inter-level travel time spent in this place.
 D = Time resting spent in this place.
 E = Time spent auto-exploring this place.
 F = Levels seen in this place.
 G = Mean time per level.
                   A        B        C        D        E       F      G
               +--------+--------+--------+--------+--------+-----+--------+
         Total |   1506 |   1442 |     64 |      0 |   1054 |   4 |  376.5 |
       Dungeon |   1452 |   1388 |     64 |      0 |   1030 |   3 |  484.0 |
         Sewer |     53 |     53 |      0 |      0 |     24 |   1 |   53.0 |
               +--------+--------+--------+--------+--------+-----+--------+

Top non-repeatable levels by time:
     D:1: 661 daAuts
     D:2: 641 daAuts
     D:3: 150 daAuts
   Sewer: 53 daAuts

Table legend:
 A = Kills in this place as a percentage of kills in the entire game.
 B = Kills by you in this place as a percentage of kills by you in the entire game.
 C = Kills by friends in this place as a percentage of kills by friends in the entire game.
 D = Other kills in this place as a percentage of other kills in the entire game.
 E = Experience gained in this place as a percentage of experience gained in the entire game.
 F = Experience gained in this place divided by the number of levels of this place that you have seen.
                   A       B       C       D       E      F
               +-------+-------+-------+-------+-------+----------------------
         Total | 100.0 | 100.0 |   N/A |   N/A | 100.0 |  41.8
       Dungeon |  91.2 |  91.2 |   N/A |   N/A |  36.5 |  20.3
         Sewer |   8.8 |   8.8 |   N/A |   N/A |  63.5 | 106.0
               +-------+-------+-------+-------+-------+----------------------

Levels and vault maps discovered:
D:1:      lightli_arrival_windingriver, layout_basic
D:2:      layout_loops_cross
D:3:      layout_rooms, grunt_temple_overflow_gold_and_silver,
          amcnicky_altar_gilded, tso_metal_star, cheibrodos_sewer_entry_sluice,
          dreamdust_mushroom_princess, hangedman_decor_riveting, uniq_grinder
Sewer:    kennysheep_pipe_town
